 Dungeon Crawl Stone Soup version 0.31-a0-667-g39726597b9 (webtiles) character file.

Game seed: 2877256493693003636

125837 ytrimaz the Metamorph (level 16, 0/81 HPs)
             Began as a Demonspawn Shapeshifter on Aug 31, 2023.
             Was a High Priest of Okawaru.
             Killed from afar by a deep elf knight (21 damage)
             ... with a lance of force
             ... on level 1 of the Elven Halls on Sept 4, 2023.
             The game lasted 00:42:43 (23697 turns).

ytrimaz the Metamorph (Demonspawn Shapeshifter)    Turns: 23697, Time: 00:42:44

Health: 0/81       AC: 12    Str: 22    XL:     16   Next: 42%
Magic:  21/21      EV: 31    Int: 14    God:    Okawaru [*****.]
Gold:   4304       SH:  4    Dex: 31    Spells: 15/15 levels left

rFire   . .          .
                       - Unarmed
rCold   . . .        (shield currently unavailable)
rNeg    . . .        I - +0 swamp dragon scales
rPois   +            R - +1 helmet of the True Pharaoh {Str+4 Int+2}
rElec   .            (no cloak)
rCorr   .            (gloves unavailable)
SInv    .            H - +4 pair of boots "Luwynu" {Str+2}
Will    +....        N - amulet of regeneration
Stlth   ++           U - +6 ring of dexterity
HPRegen 1.13/turn    s - +6 ring of dexterity
MPRegen 0.17/turn

%: no passive effects
@: blade hands, on berserk cooldown, slowed, very slow
A: spiny 2, sturdy frame 3, condensation shield, demonic touch 3, [frail 3],
[teleportitis 2], [subdued magic 1], [inability to drink after injury 1]
a: Begin Untransformation, Renounce Religion, Heroism, Finesse, Duel


You were on level 1 of the Elven Halls.
You worshipped Okawaru.
Okawaru was extremely pleased with you.
You had blades for hands.
You visited 5 branches of the dungeon, and saw 24 of its levels.
You visited the Abyss 1 time.
You also visited: Sewer and Bailey.

You collected 4529 gold pieces.
You spent 225 gold pieces at shops.


Innate Abilities, Weirdness & Mutations

You have blades for hands.
You are incapable of wielding weapons or throwing items.
You are mostly covered in sharp spines.
Your movements are significantly less encumbered by armour. (ER -6)
A meltable shield of frost defends you. (SH +4)
Your touch may irresistibly damage your foes and sap their willpower.
[You are extremely frail. (-30% HP)]
[You are often teleported next to monsters.]
[Your spells are a little easier to cast, but a little less powerful.]
[You occasionally lose the ability to drink potions when taking damage.]


   Skills:
 - Level 8.0 Fighting
 * Level 16.2 Dodging
 - Level 10.0 Unarmed Combat
 - Level 7.0 Invocations
 + Level 17.3 Shapeshifting


You had 15 spell levels left.
You didn't know any spells.
Your spell library contained the following spells:

 Spells                   Type           Power      Damage    Failure   Level
 Apportation              Tloc           0%         N/A       24%         1
 Shock                    Conj/Air       0%         1d3       24%         1
 Blink                    Tloc           0%         N/A       36%         2
 Lesser Beckoning         Tloc           0%         N/A       36%         2
 Momentum Strike          Conj/Tloc      0%         3d8       36%         2
 Static Discharge         Conj/Air       0%         2-2/arc   36%         2
 Sublimation of Blood     Necr           0%         N/A       36%         2
 Wereblood                Tmut           0%         N/A       36%         2
 Dazzling Flash           Conj/Hex       0%         N/A       61%         3
 Gell's Gravitas          Tloc           0%         N/A       61%         3
 Inner Flame              Hex/Fire       0%         N/A       61%         3
 Ozocubu's Armour         Ice            0%         N/A       61%         3
 Portal Projectile        Hex/Tloc       0%         N/A       61%         3
 Swiftness                Air            0%         N/A       61%         3
 Airstrike                Air            0%         2d(0-16)  95%         4
 Flame Wave               Conj/Fire      0%         2d4       95%         4
 Leda's Liquefaction      Hex/Erth       0%         N/A       95%         4
 Manifold Assault         Tloc           0%         N/A       95%         4
 Sticky Flame             Conj/Fire      0%         2d3       95%         4
 Agony                    Necr           0%         N/A       100%        5
 Alistair's Intoxication  Tmut/Pois      0%         N/A       100%        5
 Borgnjor's Vile Clutch   Necr/Erth      0%         N/A       100%        5
 Metabolic Englaciation   Hex/Ice        0%         N/A       100%        5
 Silence                  Hex/Air        0%         N/A       100%        5
 Dispersal                Tloc           0%         N/A       100%        6
 Eringya's Noxious Bog    Tmut/Pois      0%         4d6       100%        6
 Call Canine Familiar     Summ           Unusable   N/A       N/A         3
 Summon Lightning Spire   Summ/Air       Unusable   N/A       N/A         4
 Simulacrum               Ice/Necr       Unusable   N/A       N/A         6
 Summon Hydra             Summ           Unusable   N/A       N/A         7

Inventory:

Armour
 A - a +0 troll leather armour {Pargi}
   (You found it in a sewer)
 H - the +4 pair of boots "Luwynu" (worn) {Str+2}
   (Okawaru gifted it to you on level 14 of the Dungeon)

   Str+2:     It affects your strength (+2).
 I - +0 swamp dragon scales (worn)
   (You took it off Maggie on level 10 of the Dungeon)
 Q - the +0 robe "Jool" {+Blink Will+ Dex+3}
   (You found it in a bailey)

   Dex+3:     It affects your dexterity (+3).
   Will+:     It increases your willpower.
   +Blink:    It lets you blink.
 R - the +1 helmet of the True Pharaoh (worn) {Str+4 Int+2}
   (You found it in a bailey)

   Str+4:     It affects your strength (+4).
   Int+2:     It affects your intelligence (+2).
Jewellery
 m - a ring of poison resistance
   (You found it on level 1 of the Dungeon)
 r - a ring of see invisible
   (You found it on level 2 of the Dungeon)
 s - a +6 ring of dexterity (right blade hand)
   (You found it on level 15 of the Dungeon)
 v - a ring of protection from fire
   (You found it on level 13 of the Dungeon)
 G - a ring of flight
   (You found it on level 6 of the Dungeon)
 J - a +4 ring of protection
   (You found it on level 10 of the Dungeon)
 K - a ring of protection from cold
   (You took it off an orc priest on level 10 of the Dungeon)
 N - an amulet of regeneration (around neck)
   (You found it on level 9 of the Dungeon)
 U - a +6 ring of dexterity (left blade hand)
   (You found it on level 15 of the Dungeon)
 V - a ring of protection from fire
   (You found it on level 13 of the Dungeon)
 X - a ring of resist corrosion
   (You found it on level 5 of the Lair of Beasts)
Talismans
 c - a beast talisman
 d - a flux talisman
 h - a maw talisman
   (You found it on level 1 of the Lair of Beasts)
 u - a blade talisman (active)
   (You found it on level 4 of the Dungeon)
Wands
 a - a wand of quicksilver (17)
   (You found it on level 4 of the Dungeon)
 g - a wand of polymorph (16)
   (You found it on level 1 of the Lair of Beasts)
 w - a wand of digging (6)
   (You found it on level 3 of the Dungeon)
 y - a wand of paralysis (10)
   (You found it in a sewer)
 F - a wand of flame (1) (quivered)
   (You took it off a kobold on level 6 of the Dungeon)
 T - a wand of iceblast (32)
   (You found it on level 10 of the Dungeon)
Scrolls
 i - 4 scrolls of enchant armour
 l - 3 scrolls of noise
 n - a scroll of revelation
 p - 6 scrolls of teleportation
 x - 4 scrolls of fog
 B - a scroll of immolation
 D - a scroll of fear
 E - 2 scrolls of brand weapon
 L - a scroll of acquirement
 O - a scroll of amnesia
 Y - 11 scrolls of identify
 Z - a scroll of vulnerability
Potions
 b - 7 potions of lignification
 e - 5 potions of curing
 f - 3 potions of cancellation
 j - 2 potions of attraction
 k - a potion of berserk rage
 o - 2 potions of invisibility
 q - 3 potions of heal wounds
 t - a potion of brilliance
 z - 7 potions of mutation
 C - 3 potions of haste
 M - 6 potions of enlightenment
 P - a potion of ambrosia
 S - a potion of magic

Dungeon Overview and Level Annotations

Branches:
Dungeon (15/15) Zot: 26099  Temple (1/1) D:7 Zot: 5878    Lair (5/5) D:10 Zot: 24176
  Swamp (0/4) Lair:3       Spider (0/4) Lair:3        Slime (0/5) Lair:5
    Orc (2/2) D:10 Zot: 9573     Elf (1/3) Orc:2 Zot: 4429  Vaults (0/5) D:13
 Depths (0/4) D:15          Sewer (visited)          Bailey (visited)

Altars:
Ashenzari
Cheibriados
Dithmenos
Fedhas
Gozag
Hepliaklqana
Kikubaaqudgha
Makhleb
Nemelex Xobeh
Okawaru
Qazlal
Ru
Sif Muna
Trog
Uskayaw
Vehumet
Wu Jian
Xom
Yredelemnul
Jiyva

Shops:
D:5 *   D:7 [   D:14 [   Orc:2 =(=(   Elf:1 (

Portals:
Abyss: Lair:1
Trove: D:12 (give 13 scrolls of teleportation)

Annotations:
D:10 3 runed translucent doors, Age's ghost, journeyman MiFi
Lair:1 2 transporters, exclusion: oklob plant, Mickster's ghost, novice HOBe

#.....# ##>....##
#.......# ##.......##
#.........#
#........##
#........#
#######.#.....'##
##.@).)..#.....#.##
##.)#########'####.##
#){## #.# ##.# #[####
### ##. #e#88#88#8 ##
#e'(e..... #
#.oEo./... ####
#o#o.#..#. #.)###
#.o....$.. #....#


You could see a deep elf archer (repels missiles).


Message History

😮 HP[+29]
You now have 121 max hp (+40).
You regained 29 hp, and now have 86/121 hp.
Unknown command.
Things that are here:
a +0 leather armour; a +0 dagger; 😮 HP[+1] Unknown command.
You slice the cyclops!!
You block the cyclops's attack. 😮 HP[+1]
You slash the cyclops!
You touch the cyclops!
You sap its willpower!
You shred the cyclops!!!
You kill the cyclops!
Okawaru accepts your kill.
The deep elf archer shoots an arrow.
The arrow hits you.
Unknown command. 😮 HP[-5]
You take 5 damage, and now have 83/121 hp.
The +0 halberd of venom completely misses you.
Items here: ))) [[[ †. 😮 HP[+1]
You hit the deep elf demonologist.
The deep elf archer unwields a +0 shortbow.
The deep elf archer wields a +0 short sword.
The deep elf archer completely misses you.
The +0 halberd of venom barely misses you.
Unknown command.
You miss the deep elf demonologist.
You slash the deep elf demonologist! 😮 HP[+1]
You slice the deep elf demonologist!!
You touch the deep elf demonologist!
You sap its willpower!
Your slash misses the deep elf demonologist.
The +0 halberd of venom hits you from afar!
You are poisoned.
The deep elf demonologist is struck by your spines.
You kill the deep elf demonologist!
Okawaru accepts your kill.
The green death disappears in a puff of smoke!
The sixfirhy disappears in a puff of smoke!
You feel the corruption within you wane somewhat.
You feel a little less angry.
You lose the ability to drink potions when taking damage less often.
Your connection to magic feels less subdued.
You feel a little more calm. 😮 HP[-6]
You take 6 damage, and now have 79/121 hp.
You feel sick.
The +0 halberd of venom completely misses you.
The deep elf archer casts a spell.
The deep elf archer blinks!
Things that are here:
a +0 rapier; 212 gold pieces; an elf corpse 😮 HP[-1]
You take 1 damage, and now have 78/121 hp.
You slash the deep elf pyromancer!
You feel sick. You block something's attack.
The +0 halberd of venom hits you from afar!
You are more poisoned.
The deep elf archer misses you. 😮 HP[-17]
You take 17 damage, and now have 61/121 hp.
You slash the deep elf archer!
You are no longer berserk.
You are exhausted.
You feel yourself slow down.
You feel very sick.
The deep elf pyromancer completely misses you.
Something hits you!!
* * * LOW HITPOINT WARNING * * *
The +0 halberd of venom barely misses you. 😱 HP[-41]
You now have 81 max hp (-40).
You take 41 damage, and now have 20/81 hp.
MASSIVE DAMAGE!! (PAUSE) Unknown command.
Unknown command.
You feel better. Something misses you. You block the deep elf archer's attack.
The +0 halberd of venom barely misses you.
The deep elf pyromancer hits you but does no damage.
Something completely misses you.
The deep elf archer is struck by your spines.
The deep elf archer completely misses you.
The +0 halberd of venom hits you from afar!
* * * LOW HITPOINT WARNING * * *
You are poisoned. 😱 HP[-4]
You take 4 damage, and now have 16/81 hp.
Blink to where?
Press: ? - help, Dir - move target
As you read the scroll of blinking, it crumbles to dust.
* * * LOW HITPOINT WARNING * * *
You feel extremely sick. 😱 HP[-6]
You take 6 damage, and now have 10/81 hp.
Unknown command.
You feel better. 😱 HP[+9]
You regained 9 hp, and now have 19/81 hp.
You hear some strange, mumbled words.
A lance of force appears from out of thin air!
The lance of force hits you!!
You die...

Skill      XL: |  1  2  3  4  5  6  7  8  9 10 11 12 13 14 15 16 |
---------------+-------------------------------------------------+-----
Dodging        | 2 3 4 5 9 12 15 16 | 16.2
Unarmed Combat | 3 4 6 7 9 10 | 10.0
Shapeshifting  | 3 5 6 8 10 12 14 15 16 17 | 17.3
Invocations    | 6 7 |  7.0
Fighting       | 5 8 |  8.0

Action                     |  1- 3 |  4- 6 |  7- 9 | 10-12 | 13-15 | 16-18 || total
---------------------------+-------+-------+-------+-------+-------+-------++-------
  Melee: Unarmed           |   107 |   147 |   185 |   452 |   824 |   152 ||  1867
         Punch             |     3 |     3 |     4 |    20 |    58 |    15 ||   103
         Touch             |    11 |    25 |    37 |    79 |   180 |    27 ||   359
 Invoke: Heroism           |       |       |       |    11 |     6 |     1 ||    18
         Finesse           |       |       |       |     1 |     6 |     1 ||     8
         Duel              |       |       |       |     1 |     1 |       ||     2
  Evoke: Wand              |       |       |     2 |     9 |     5 |       ||    16
    Use: Potion            |       |     3 |     1 |     9 |     4 |     2 ||    19
         Scroll            |       |       |     8 |    10 |    18 |     2 ||    38
   Stab: Sleeping          |     3 |     1 |       |       |     2 |       ||     6
         Paralysed         |       |       |       |     4 |       |       ||     4
         Distracted        |       |       |       |       |     1 |     1 ||     2
 Armour: Animal skin       |    66 |    13 |       |       |       |       ||    79
         Ring mail         |       |    23 |       |       |       |       ||    23
         Troll leather arm |       |    27 |   120 |    51 |       |       ||   198
         Skin              |       |     7 |     7 |    36 |       |       ||    50
         Swamp dragon scal |       |       |       |   249 |   594 |    54 ||   897
         Robe              |       |       |       |       |     8 |       ||     8
  Dodge: Dodged            |    67 |    96 |   123 |   270 |   696 |   192 ||  1444
  Block: Other             |       |       |       |       |       |    32 ||    32
   Form: Flux              |       |       |     1 |     1 |     1 |       ||     3
         Blade             |       |       |       |     2 |     2 |       ||     4
         Maw               |       |       |       |       |     2 |       ||     2

Levels and vault maps discovered:
D:1:      beargit_arrival_greenhouse, layout_loops_ring,
          kennysheep_decorative_pillar, minmay_misc_feat_four_crosses,
          hangedman_decor_lopped, serial_bayou_lake_a
D:2:      layout_basic, minmay_misc_feat_more_columns
D:3:      layout_basic
D:4:      layout_loops_ring, gup_sewer_entry_pipe, dk_rats_in_the_wall,
          uniq_pikel
D:5:      minmay_evil_eye, layout_cave_pods, ashenzari_altar_1,
          nicolae_sif_muna_little_library, serial_shops, shop,
          kennysheep_pointless_box
D:6:      layout_loops_ring, vehumet_altar_wand_db, wad_floor_pattern_untrapped
D:7:      layout_basic, minmay_temple_entry_wispy, serial_shops,
          nicolae_shop_just_a_little_nook
D:8:      layout_cave_pools, dancing_weapons_uskayaw, old_standard_altar,
          nicolae_hepliaklqana_monster_ancestors, minmay_crystal_room,
          uniq_joseph
D:9:      layout_rooms, grunt_temple_overflow_order_and_chaos_1, tso_altar,
          uniq_jeremiah
D:10:     layout_big_octagon, kennysheep_little_box, lair_entry_dummy,
          orc_0_dummy, enter_bailey_2, gammafunk_ghost_ooze, uniq_maggie,
          uniq_grum, uniq_harold, uniq_erica
D:11:     nzn_motion_control, layout_layer_cave, gauntlet_entry_generic,
          minivault_26, minivault_25, minivault_22, minmay_misc_feat_rows
D:12:     layout_rooms, nicolae_trove_entry_free_sample
D:13:     layout_loops_ring, david_vaults_4
D:14:     layout_grid_maze, serial_shops, shop, minmay_misc_feat_diagonals
D:15:     hangedman_depths_entry_try_elsewhere_first, layout_irregular_city,
          okawaru_ov_weapons_minmay
Temple:   nicolae_temple_hex_pool
Lair:1:   layout_chaotic_city, gammafunk_ghost_abyssal_escape,
          grunt_forest_small_clearings, lemuel_oklob_altar,
          infiniplex_staircase_pool, uniq_amaemon
Lair:2:   layout_cave_pods, enter_volcano_3, roderic_batcave, worms_lemuel
Lair:3:   onia_ninara_swampy_vault, layout_long_grid, skrybe_swamp_entry_bodies,
          spider_nest_entry_webs, portal_ice_cave_demonic_guard,
          chequers_serial_rivers_large_b
Lair:4:   layout_roguey, st_stairs_8, grunt_megastairs_1, uniq_snorg
Lair:5:   hangedman_lair_in_review, layout_gridlike, wormcave,
          dpeg_slime_entry_enclosed, grunt_forest_small_clearing_treed,
          serial_bayou_shore_a
Orc:1:    nicolae_orc_accident_2, layout_caves
Orc:2:    st_orc_elflike, layout_caves, uniq_donald, uniq_nessos,
          uniq_saint_roka
Elf:1:    nicolae_elf_arrival_no_cutting_in_line, layout_geoelf_grid,
          serial_shops, shop, basic_altar, orc_legates, corexii_hall_statues_t,
          evilmike_spriggan_trog_shrine

Notes
Turn   | Place    | Note
-------+----------+-------------------------------------------
     0 | D:1      | ytrimaz the Demonspawn Shapeshifter began the quest for the
                  | Orb.
     0 | D:1      | Reached XP level 1. HP: 15/15 MP: 1/1
     0 | D:1      | magus.rc [v1.9.6]
   110 | D:1      | Reached skill level 2 in Dodging
   219 | D:1      | Reached skill level 3 in Unarmed Combat
   221 | D:1      | Gained mutation: Your touch may inflict minor irresistible
                  | damage on your foes. [demonic ancestry]
   221 | D:1      | Reached XP level 2. HP: 7/21 MP: 2/2
   571 | D:1      | You pick up a book of Blood and begin reading...
   571 | D:1      | You add the spells Sublimation of Blood, Wereblood and
                  | Summon Hydra to your library.
   906 | D:2      | Gained mutation: Your touch may inflict irresistible damage
                  | on your foes. [demonic ancestry]
   906 | D:2      | Reached XP level 3. HP: 19/26 MP: 3/3
  1650 | D:3      | You pick up a book of the Hunter and begin reading...
  1650 | D:3      | You add the spells Call Canine Familiar, Portal Projectile
                  | and Leda's Liquefaction to your library.
  1774 | D:3      | Reached skill level 3 in Dodging
  1934 | D:3      | Reached XP level 4. HP: 23/32 MP: 4/4
  1941 | D:3      | HP: 2/32 [gnoll/+0 halberd (11)]
  2121 | D:3      | Reached skill level 4 in Unarmed Combat
  2639 | D:4      | Reached XP level 5. HP: 37/37 MP: 5/5
  2733 | D:4      | Found a glowing drain.
  2759 | Sewer    | Entered a sewer
  2848 | Sewer    | Noticed Pargi
  2856 | Sewer    | Killed Pargi
  2857 | Sewer    | Reached skill level 3 in Shapeshifting
  2976 | D:4      | Noticed an ogre
  2984 | D:4      | Killed an ogre
  2985 | D:4      | Reached skill level 4 in Dodging
  2985 | D:4      | Reached XP level 6. HP: 21/43 MP: 6/6
  3049 | D:4      | Reached skill level 5 in Unarmed Combat
  3049 | D:4      | Reached skill level 4 in Shapeshifting
  3052 | D:4      | Noticed Pikel
  3057 | D:4      | HP: 10/43 [lemure[Pikel] (7)]
  3069 | D:4      | Killed Pikel
  3070 | D:4      | Reached skill level 6 in Unarmed Combat
  3070 | D:4      | Reached skill level 5 in Shapeshifting
  3070 | D:4      | Gained mutation: You are partially covered in sharp spines.
                  | [demonic ancestry]
  3070 | D:4      | Reached XP level 7. HP: 40/48 MP: 7/7
  3139 | D:4      | Gained mutation: You are mostly covered in sharp spines.
                  | [demonic ancestry]
  3139 | D:4      | Reached XP level 8. HP: 54/54 MP: 8/8
  3462 | D:5      | Entered Level 5 of the Dungeon
  3658 | D:5      | Found Suzomor's General Store.
  3666 | D:5      | Bought 3 scrolls of identify for 60 gold pieces
  3671 | D:5      | Identified a scroll of acquirement
  3673 | D:5      | Acquired 1145 gold pieces
  3778 | D:5      | Found a broken altar of Ashenzari.
  3937 | D:5      | Found a shimmering blue altar of Sif Muna.
  4381 | D:6      | Reached skill level 7 in Unarmed Combat
  4381 | D:6      | Reached skill level 6 in Shapeshifting
  4490 | D:6      | You pick up a book of Spatial Translocations and begin
                  | reading...
  4490 | D:6      | You add the spells Blink, Momentum Strike and Lesser
                  | Beckoning to your library.
  4683 | D:6      | Found a radiant altar of Vehumet.
  4700 | D:6      | Reached XP level 9. HP: 57/59 MP: 9/9
  4849 | D:6      | Reached skill level 8 in Unarmed Combat
  4903 | D:5      | Bought a +2 pair of boots for 165 gold pieces
  5252 | D:7      | Reached skill level 7 in Shapeshifting
  5357 | D:7      | Found Wywn's Armour Boutique.
  5544 | D:7      | Found a staircase to the Ecumenical Temple.
  5561 | Temple   | Entered the Ecumenical Temple
  5833 | D:8      | Noticed a +0 hand axe
  5833 | D:8      | Noticed a +0 hand axe
  5838 | D:8      | Found a hazy altar of Hepliaklqana.
  5921 | D:8      | Found a hide-covered altar of Uskayaw.
  5922 | D:8      | You add the spells Alistair's Intoxication, Borgnjor's Vile
                  | Clutch and Eringya's Noxious Bog to your library.
  6099 | D:8      | Reached skill level 9 in Unarmed Combat
  6125 | D:8      | Found a stormy altar of Qazlal.
  6134 | D:8      | Noticed Joseph
  6154 | D:8      | Killed Joseph
  6155 | D:8      | Reached skill level 8 in Shapeshifting
  6464 | Temple   | Became a worshipper of Warmaster Okawaru
  6642 | D:9      | Noticed an angel
  6646 | D:9      | Found a shimmering altar of Xom.
  6690 | D:9      | Noticed Jeremiah
  6739 | D:9      | Killed Jeremiah
  6818 | D:9      | Reached * piety under Okawaru
  6819 | D:9      | Reached XP level 10. HP: 56/65 MP: 10/10
  7064 | D:10     | Entered Level 10 of the Dungeon
  7064 | D:10     | Noticed Harold
  7070 | D:10     | Killed Harold
  7070 | D:10     | Reached ** piety under Okawaru
  7071 | D:10     | Reached skill level 10 in Unarmed Combat
  7071 | D:10     | Reached skill level 9 in Shapeshifting
  7121 | D:10     | Noticed Maggie
  7136 | D:10     | Noticed Grum
  7190 | D:10     | HP: 14/65 [Grum/-1 halberd (17)]
  7194 | D:10     | Killed Grum
  7236 | D:10     | Reached skill level 1 in Invocations
  7244 | D:10     | Killed Maggie
  7245 | D:10     | Reached skill level 2 in Invocations
  7272 | D:10     | Reached skill level 3 in Invocations
  7282 | D:10     | Reached skill level 4 in Invocations
  7282 | D:10     | Reached skill level 10 in Shapeshifting
  7379 | D:10     | Found a flagged portal.
  7388 | D:10     | Reached *** piety under Okawaru
  7389 | D:10     | Reached skill level 5 in Invocations
  7395 | Bailey   | Entered a bailey
  7505 | Bailey   | Reached skill level 6 in Invocations
  7666 | Bailey   | Noticed a soul eater
  7682 | Bailey   | Noticed an orc knight
  7711 | Bailey   | Gained mutation: Your touch may irresistibly damage your
                  | foes and sap their willpower. [demonic ancestry]
  7711 | Bailey   | Reached XP level 11. HP: 50/70 MP: 15/15
  7862 | Bailey   | Killed an orc knight
  7863 | Bailey   | Reached skill level 7 in Invocations
  7871 | Bailey   | Found an iron altar of Okawaru.
  7877 | Bailey   | Reached **** piety under Okawaru
  7906 | Bailey   | Identified the +0 robe "Jool" {+Blink Will+ Dex+3}
  7908 | Bailey   | Identified the +1 helmet of the True Pharaoh {Str+4 Int+2}
  7946 | Bailey   | You add the spells Apportation, Gell's Gravitas, Manifold
                  | Assault and Dispersal to your library.
  7946 | Bailey   | Got the Incunable of Correspondence
  8172 | D:10     | Found a staircase to the Orcish Mines.
  8197 | D:10     | Found a staircase to the Lair.
  8201 | D:10     | Reached skill level 11 in Shapeshifting
  8287 | D:10     | Found a runed translucent gate.
  8287 | D:10     | Found a runed translucent gate.
  8287 | D:10     | Found a runed translucent gate.
  8358 | D:10     | Noticed Erica
  8381 | D:10     | Killed Erica
  8405 | D:10     | Found a sacrificial altar of Ru.
  8506 | D:10     | Found a viscous altar of Jiyva.
  8506 | D:10     | Noticed Age's ghost (journeyman MiFi)
  8545 | D:11     | Noticed a catoblepas
  8558 | Orc:1    | Entered Level 1 of the Orcish Mines
  8604 | Orc:1    | HP: 10/70 [troll (12)]
  8604 | Orc:1    | HP: 3/70 [orc warrior/+0 halberd (7)]
  9196 | Orc:2    | Entered Level 2 of the Orcish Mines
  9198 | Orc:2    | Found a staircase to the Elven Halls.
  9247 | Orc:2    | Noticed Saint Roka
  9400 | Orc:1    | Reached skill level 2 in Fighting
  9485 | Orc:2    | Noticed Donald
  9497 | Orc:1    | Reached skill level 12 in Shapeshifting
  9500 | Orc:1    | Reached ***** piety under Okawaru
  9527 | Arena    | Entered the Arena
  9533 | Arena    | HP: 4/74 [Donald/+0 long sword (24)]
  9534 | Arena    | Killed Donald
  9535 | Arena    | Reached skill level 3 in Fighting
  9671 | Orc:2    | Killed Saint Roka
  9671 | Orc:2    | Received a gift from Okawaru
  9672 | Orc:2    | Reached skill level 5 in Fighting
  9672 | Orc:2    | Gained mutation: Your movements are slightly less
                  | encumbered by armour. (ER -2) [demonic ancestry]
  9672 | Orc:2    | Reached XP level 12. HP: 49/86 MP: 10/17
  9676 | Orc:2    | Noticed an ettin
  9683 | Orc:2    | Killed an ettin
  9805 | Orc:2    | Noticed a two-headed ogre
  9815 | Orc:2    | Killed a two-headed ogre
  9829 | Orc:2    | Reached skill level 6 in Fighting
  9891 | Orc:2    | Noticed Nessos
  9957 | Orc:2    | HP: 14/88 [Nessos/arrow (22)]
  9961 | Orc:2    | HP: 6/88 [poisoned by Nessos]
 10041 | Orc:2    | Killed Nessos
 10219 | Orc:2    | Reached skill level 13 in Shapeshifting
 10397 | Orc:2    | Found Urchil's Weapon Emporium.
 10399 | Orc:2    | Noticed an orc high priest
 10399 | Orc:2    | Noticed an orc high priest
 10399 | Orc:2    | Paralysed by an orc sorcerer for 2 turns
 10409 | Orc:2    | Killed an orc high priest
 10410 | Orc:2    | Reached skill level 7 in Fighting
 10654 | Orc:2    | Found Myowkebb's Jewellery Emporium.
 10664 | Orc:2    | HP: 6/87 [orc sorcerer/bolt of fire (23)]
 10819 | Orc:2    | Noticed an orc high priest
 10827 | Orc:2    | Killed an orc high priest
 10828 | Orc:2    | Reached skill level 8 in Fighting
 10895 | Orc:2    | Found Ysyjam Nase's Jewellery Boutique.
 10921 | Orc:2    | Found Fimuepn's Antique Weapon Boutique.
 10984 | Orc:2    | Killed an orc high priest
 11241 | Lair:1   | Entered Level 1 of the Lair of Beasts
 11241 | Lair:1   | Noticed a boulder beetle
 11254 | D:10     | Killed a boulder beetle
 11255 | D:10     | Reached skill level 5 in Dodging
 11333 | Lair:1   | Reached skill level 14 in Shapeshifting
 11378 | Lair:1   | Found a transporter.
 11380 | Lair:1   | Reached XP level 13. HP: 98/98 MP: 18/18
 11389 | Lair:1   | You pick up a book of the Senses and begin reading...
 11389 | Lair:1   | You add the spells Dazzling Flash, Agony and Silence to
                  | your library.
 11391 | Lair:1   | Noticed a tentacled starspawn
 11400 | Lair:1   | Found a transporter.
 11495 | Lair:1   | Found a one-way gate to the infinite horrors of the Abyss.
 11572 | Lair:1   | Found a sparkling altar of Nemelex Xobeh.
 11593 | Lair:1   | Identified the +6 quarterstaff of the Winnowing Sybil
                  | {speed, *Corrode Int+4 Dex+9} (Okawaru gifted it to you on
                  | level 1 of the Lair of Beasts)
 11593 | Lair:1   | Received a gift from Okawaru
 11648 | Lair:1   | Reached skill level 6 in Dodging
 11874 | Lair:1   | Noticed Amaemon
 11886 | Lair:1   | Killed Amaemon
 12080 | Lair:1   | Noticed Mickster's ghost (novice HOBe)
 12425 | Lair:2   | Reached skill level 7 in Dodging
 12832 | Lair:2   | Identified the +1 buckler of Understanding {rN++} (Okawaru
                  | gifted it to you on level 2 of the Lair of Beasts)
 12832 | Lair:2   | Received a gift from Okawaru
 12920 | Lair:2   | Reached skill level 8 in Dodging
 13620 | Lair:3   | Found a staircase to the Swamp.
 13626 | Lair:3   | Reached skill level 15 in Shapeshifting
 13643 | Lair:3   | Reached ****** piety under Okawaru
 13770 | Lair:3   | Reached skill level 9 in Dodging
 13829 | Lair:3   | Found a hole to the Spider Nest.
 13830 | Lair:3   | Acquired 695 gold pieces
 13923 | Lair:3   | HP: 22/98 [eight-headed hydra (6)]
 14042 | Lair:3   | HP: 21/98 [swamp worm/harpoon shot (15)]
 14042 | Lair:3   | HP: 9/98 [swamp worm (12)]
 14073 | Lair:3   | Gained mutation: Your movements are less encumbered by
                  | armour. (ER -4) [demonic ancestry]
 14073 | Lair:3   | Reached XP level 14. HP: 62/105 MP: 17/19
 14075 | Arena    | Entered the Arena
 14999 | Lair:4   | Reached skill level 10 in Dodging
 15159 | Lair:4   | Noticed Snorg
 15171 | Lair:4   | Killed Snorg
 15237 | Lair:4   | Received a gift from Okawaru
 15790 | Lair:5   | Entered Level 5 of the Lair of Beasts
 15798 | Lair:5   | You pick up a book of Flames and begin reading...
 15798 | Lair:5   | You add the spells Inner Flame, Sticky Flame and Flame Wave
                  | to your library.
 16370 | Lair:5   | Upgraded the game from 0.31-a0-662-g684573625c to
                  | 0.31-a0-667-g39726597b9
 16370 | Lair:5   | magus.rc [v1.9.6]
 16382 | Lair:5   | Reached skill level 11 in Dodging
 16467 | Lair:5   | Found a staircase to the Slime Pits.
 16889 | Lair:5   | Identified the +8 scimitar of Othrotzy {heavy, +Blink Int+3
                  | Dex+3}
 16962 | Lair:5   | Reached skill level 12 in Dodging
 17628 | D:11     | Identified the +12 triple crossbow of the Peculiar Lives
                  | {antimagic, rF++ Int+3} (Okawaru gifted it to you on level
                  | 11 of the Dungeon)
 17628 | D:11     | Received a gift from Okawaru
 17899 | D:11     | You pick up a book of Air and begin reading...
 17899 | D:11     | You add the spells Shock, Swiftness and Airstrike to your
                  | library.
 18053 | D:11     | Reached skill level 16 in Shapeshifting
 18616 | D:12     | Gained mutation: Your movements are significantly less
                  | encumbered by armour. (ER -6) [demonic ancestry]
 18616 | D:12     | Reached XP level 15. HP: 96/110 MP: 20/20
 18696 | D:12     | Found a portal to a secret trove of treasure.
 19616 | D:13     | Found a gate to the Vaults.
 19621 | D:13     | Reached skill level 13 in Dodging
 19836 | D:14     | Identified the +4 pair of boots "Luwynu" {Str+2} (Okawaru
                  | gifted it to you on level 14 of the Dungeon)
 19836 | D:14     | Received a gift from Okawaru
 20315 | D:14     | Found Limugyfuadie's Armour Shop.
 20366 | D:14     | You pick up a book of Winter and begin reading...
 20366 | D:14     | You add the spells Ozocubu's Armour and Metabolic
                  | Englaciation to your library.
 20749 | D:15     | Entered Level 15 of the Dungeon
 20886 | D:15     | Found an iron altar of Okawaru.
 21096 | D:15     | Found a staircase to the Depths.
 21115 | D:15     | Reached skill level 14 in Dodging
 21696 | Elf:1    | Entered Level 1 of the Elven Halls
 21715 | Elf:1    | Paralysed by an orc sorcerer for 3 turns
 21726 | Elf:1    | Received a gift from Okawaru
 21804 | Elf:1    | Paralysed by an air elemental for 1 turns
 21880 | Elf:1    | Found Taneont's Weapon Shop.
 21909 | Elf:1    | Found a radiant altar of Vehumet.
 22617 | Elf:1    | Paralysed by an air elemental for 1 turns
 22670 | Elf:1    | You pick up a book of Storms and begin reading...
 22692 | Elf:1    | Reached skill level 15 in Dodging
 22720 | Elf:1    | HP: 11/110 [spriggan berserker/+0 quarterstaff (36)]
 22897 | Elf:1    | Found a bloodstained altar of Trog.
 22902 | Elf:1    | Found the +3 giant club "Skullcrusher" {speed, Str+7}
 23077 | Elf:1    | You are cast into the Abyss!
 23077 | Abyss:3  | Cast into level 3 of the Abyss (a deep elf demonologist)
 23151 | Abyss:3  | Noticed a tentacled starspawn
 23162 | Abyss:3  | Killed a tentacled starspawn
 23163 | Abyss:3  | Gained mutation: A meltable shield of frost defends you.
                  | (SH +4) [demonic ancestry]
 23163 | Abyss:3  | Reached XP level 16. HP: 89/117 MP: 21/21
 23198 | Abyss:3  | Noticed a tentacled starspawn
 23208 | Abyss:3  | Noticed a tentacled starspawn
 23215 | Abyss:3  | Killed a tentacled starspawn
 23216 | Abyss:3  | Reached skill level 17 in Shapeshifting
 23218 | Abyss:3  | Killed a tentacled starspawn
 23227 | Abyss:3  | Noticed a tentacled starspawn
 23237 | Abyss:3  | Noticed a hellephant
 23238 | Abyss:3  | Killed a tentacled starspawn
 23259 | Abyss:3  | Killed a hellephant
 23459 | Abyss:4  | Identified the +7 quarterstaff "Hisonix" {heavy, rC+ Str+2}
                  | (Okawaru gifted it to you on level 4 of the Abyss)
 23459 | Abyss:4  | Received a gift from Okawaru
 23466 | Abyss:4  | Reached skill level 16 in Dodging
 23490 | Elf:1    | You pass through the gate.
 23490 | Elf:1    | Escaped the Abyss
 23693 | Elf:1    | HP: 20/81 [something (18)]
 23697 | Elf:1    | Killed from afar by a deep elf knight

Vanquished Creatures
  Saint Roka (Orc:2)
  A hellephant (Abyss:3)
  4 tentacled starspawn (Abyss:3)
  Donald (Arena)
  2 very ugly things (Abyss:4)
  3 deep elf demonologists (Elf:1)
  3 dire elephants
  Nessos (Orc:2)
  Snorg (Lair:4)
  A deep elf death mage (Elf:1)
  An ettin (Orc:2)
  A great orb of eyes (D:15)
  A rakshasa (Abyss:4)
  6 hydras
  Harold (D:10)
  4 boulder beetles
  3 two-headed ogres
  Erica (D:10)
  5 centaur warriors
  An alligator (Lair:3)
  3 catoblepae
  A tengu warrior (D:13)
  5 orc high priests
  A demonic crawler (Lair:2)
  2 dancing weapons (Elf:1)
  5 thrashing horrors
  4 death yaks (Lair:2)
  3 spriggan berserkers (Elf:1)
  2 deep elf knights (Elf:1)
  Amaemon (Lair:1)
  A sixfirhy (Abyss:3)
  4 skeletal warriors (D:11)
  2 wretched stars
  4 skysharks
  A bog body (Lair:3)
  Pikel (D:4)
  5 deep elf archers (Elf:1)
  An oklob plant (Lair:5)
  7 starcursed masses
  8 orc knights
  8 deep elf zephyrmancers (Elf:1)
  5 cyclopes
  3 lindwurms
  9 ugly things
  A salamander (D:15)
  3 deep elf pyromancers
  9 orc sorcerers
  A cyclops (shapeshifter) (Elf:1)
  A faun (shapeshifter) (D:14)
  6 manticores
  A torpor snail (Lair:1)
  6 black mambas
  Jeremiah (D:9)
  Joseph (D:8)
  4 gargoyles
  9 cane toads
  Maggie (D:10)
  8 komodo dragons
  2 kobold demonologists (Bailey)
  An orange demon (Lair:1)
  3 rime drakes
  4 yaktaurs (D:15)
  A tengu conjurer (D:13)
  2 ice devils (Lair:3)
  6 trolls
  A freezing wraith (Abyss:4)
  A polar bear (Lair:3)
  6 raiju (Abyss:3)
  20 blink frogs
  10 dream sheep
  10 slime creatures
  A jumping spider (shapeshifter) (Elf:1)
  A shadow (D:10)
  3 ynoxinuls
  A water elemental (Elf:1)
  A vampire (D:11)
  3 wyverns
  A wraith (D:14)
  3 basilisks
  A hog (shapeshifter) (Abyss:4)
  43 yaks
  A fire elemental (Elf:1)
  3 air elementals (Elf:1)
  Grum (D:10)
  6 vampire mosquitoes
  2 redbacks (Lair:3)
  A redback (shapeshifter) (Elf:1)
  A warg (Orc:1)
  A chaos spawn (Abyss:4)
  3 large abominations (Abyss:4)
  An acid dragon (D:12)
  2 hell hounds (Lair:2)
  7 swamp worms
  13 water moccasins
  3 small abominations
  3 black bears
  A sky beast (D:8)
  49 orc warriors
  Pargi (Sewer)
  An ice beast (D:6)
  An ice beast (shapeshifter) (D:13)
  4 ogres
  25 wolves
  13 centaurs
  A lemure (D:4)
  3 kobold brigands
  13 bullfrogs
  A gnoll sergeant (D:8)
  An earth elemental (Elf:1)
  3 wights
  3 killer bees (D:9)
  3 vampire bats (Lair:2)
  7 howler monkeys
  4 electric eels
  2 quasits
  5 hounds
  17 orc priests
  A sleepcap (D:5)
  2 iguanas
  22 orc wizards
  9 gnolls
  9 adders
  2 shadow imps
  2 white imps
  An ufetubus (D:6)
  2 worms
  4 dart slugs
  63 orcs
  15 bats
  8 endoplasms
  7 giant cockroaches
  16 goblins
  9 hobgoblins
  2 jackals (D:4)
  11 quokkas
  8 ball pythons
  2 frilled lizards
  24 kobolds
  2 rats
  A spectral goblin (D:8)
733 creatures vanquished.

Vanquished Creatures (others)
  10 starspawn tentacles (Abyss:3)
10 creatures vanquished.

Grand Total: 743 creatures vanquished

Table legend:
 A = Non-vault XP
 B = Vault XP
 C = Vault XP percentage of total XP
 D = Non-vault monster count
 E = Vault monster count
 F = Vault count percentage of total count
                 A         B        C        D         E       F
            +---------+---------+-------+---------+---------+-------
      Total |  115807 |   63961 |  35.6 |     531 |     201 |  27.5
            +---------+---------+-------+---------+---------+-------
        D:1 |      35 |       0 |   0.0 |      19 |       0 |   0.0
        D:2 |      38 |       0 |   0.0 |      13 |       0 |   0.0
        D:3 |      99 |       0 |   0.0 |      23 |       0 |   0.0
        D:4 |     447 |     677 |  60.2 |      25 |       8 |  24.2
        D:5 |     442 |      18 |   3.9 |      24 |       3 |  11.1
        D:6 |     972 |       1 |   0.1 |      31 |       1 |   3.1
        D:7 |     312 |       0 |   0.0 |       5 |       0 |   0.0
        D:8 |    1114 |     426 |  27.7 |      18 |       3 |  14.3
        D:9 |     898 |     774 |  46.3 |      15 |       4 |  21.1
       D:10 |    3592 |    2382 |  39.9 |      23 |       5 |  17.9
       D:11 |    5870 |    1365 |  18.9 |      14 |       2 |  12.5
       D:12 |    4487 |       0 |   0.0 |      18 |       0 |   0.0
       D:13 |    3463 |    1778 |  33.9 |       6 |       3 |  33.3
       D:14 |   11155 |       0 |   0.0 |      21 |       0 |   0.0
       D:15 |    9133 |    3021 |  24.9 |      28 |       4 |  12.5
     Lair:1 |    9295 |    1139 |  10.9 |      36 |       2 |   5.3
     Lair:2 |    9526 |    1589 |  14.3 |      35 |      13 |  27.1
     Lair:3 |    3594 |    5788 |  61.7 |      15 |      17 |  53.1
     Lair:4 |    4283 |    3628 |  45.9 |      18 |       7 |  28.0
     Lair:5 |    7487 |    8535 |  53.3 |      29 |      18 |  38.3
      Orc:1 |     898 |    1644 |  64.7 |      19 |      12 |  38.7
      Orc:2 |    4147 |   12432 |  75.0 |      31 |      30 |  49.2
      Elf:1 |   12746 |   13190 |  50.9 |      24 |      25 |  51.0
    Abyss:3 |   12289 |       0 |   0.0 |      18 |       0 |   0.0
    Abyss:4 |    9485 |       0 |   0.0 |      23 |       0 |   0.0
      Sewer |       0 |     150 | 100.0 |       0 |       8 | 100.0
     Bailey |       0 |    3202 | 100.0 |       0 |      34 | 100.0
      Arena |       0 |    2222 | 100.0 |       0 |       2 | 100.0
            +---------+---------+-------+---------+---------+-------

Skill      XL: |  1  2  3  4  5  6  7  8  9 10 11 12 13 14 15 16 |
---------------+-------------------------------------------------+-----
Dodging        | 2 3 4 5 9 12 15 16 | 16.2
Unarmed Combat | 3 4 6 7 9 10 | 10.0
Shapeshifting  | 3 5 6 8 10 12 14 15 16 17 | 17.3
Invocations    | 6 7 |  7.0
Fighting       | 5 8 |  8.0

Action                     |  1- 3 |  4- 6 |  7- 9 | 10-12 | 13-15 | 16-18 || total
---------------------------+-------+-------+-------+-------+-------+-------++-------
  Melee: Unarmed           |   107 |   147 |   185 |   452 |   824 |   152 ||  1867
         Punch             |     3 |     3 |     4 |    20 |    58 |    15 ||   103
         Touch             |    11 |    25 |    37 |    79 |   180 |    27 ||   359
 Invoke: Heroism           |       |       |       |    11 |     6 |     1 ||    18
         Finesse           |       |       |       |     1 |     6 |     1 ||     8
         Duel              |       |       |       |     1 |     1 |       ||     2
  Evoke: Wand              |       |       |     2 |     9 |     5 |       ||    16
    Use: Potion            |       |     3 |     1 |     9 |     4 |     2 ||    19
         Scroll            |       |       |     8 |    10 |    18 |     2 ||    38
   Stab: Sleeping          |     3 |     1 |       |       |     2 |       ||     6
         Paralysed         |       |       |       |     4 |       |       ||     4
         Distracted        |       |       |       |       |     1 |     1 ||     2
 Armour: Animal skin       |    66 |    13 |       |       |       |       ||    79
         Ring mail         |       |    23 |       |       |       |       ||    23
         Troll leather arm |       |    27 |   120 |    51 |       |       ||   198
         Skin              |       |     7 |     7 |    36 |       |       ||    50
         Swamp dragon scal |       |       |       |   249 |   594 |    54 ||   897
         Robe              |       |       |       |       |     8 |       ||     8
  Dodge: Dodged            |    67 |    96 |   123 |   270 |   696 |   192 ||  1444
  Block: Other             |       |       |       |       |       |    32 ||    32
   Form: Flux              |       |       |     1 |     1 |     1 |       ||     3
         Blade             |       |       |       |     2 |     2 |       ||     4
         Maw               |       |       |       |       |     2 |       ||     2

Illustrated notes

Table legend:
 A = Kills in this place as a percentage of kills in the entire game.
 B = Kills by you in this place as a percentage of kills by you in the entire game.
 C = Kills by friends in this place as a percentage of kills by friends in the entire game.
 D = Other kills in this place as a percentage of other kills in the entire game.
 E = Experience gained in this place as a percentage of experience gained in the entire game.
 F = Experience gained in this place divided by the number of levels of this place that you have seen.
                   A       B       C       D       E      F
               +-------+-------+-------+-------+-------+----------------------
         Total | 100.0 | 100.0 |   N/A |   N/A | 100.0 | 5992.3
       Dungeon |  43.2 |  43.2 |   N/A |   N/A |  29.2 | 3499.9
          Lair |  26.0 |  26.0 |   N/A |   N/A |  30.5 | 10972.8
  Orcish Mines |  12.6 |  12.6 |   N/A |   N/A |  10.6 | 9560.5
   Elven Halls |   6.7 |   6.7 |   N/A |   N/A |  14.4 | 25936.0
         Abyss |   5.6 |   5.6 |   N/A |   N/A |  12.1 | 10887.0
         Sewer |   1.1 |   1.1 |   N/A |   N/A |   0.1 | 150.0
        Bailey |   4.6 |   4.6 |   N/A |   N/A |   1.8 | 3202.0
         Arena |   0.3 |   0.3 |   N/A |   N/A |   1.2 | 1111.0
               +-------+-------+-------+-------+-------+----------------------

Table legend: (Time is in decaauts)
 A = Elapsed time spent in this place.
 B = Non-inter-level travel time spent in this place.
 C = Inter-level travel time spent in this place.
 D = Time resting spent in this place.
 E = Time spent auto-exploring this place.
 F = Levels seen in this place.
 G = Mean time per level.
                   A        B        C        D        E       F      G
               +--------+--------+--------+--------+--------+-----+--------+
         Total |  23541 |  22303 |   1238 |   1055 |  16427 |  30 |  784.7 |
       Dungeon |  12245 |  11534 |    711 |    415 |   8866 |  15 |  816.3 |
        Temple |    121 |      4 |    117 |      0 |      0 |   1 |  121.0 |
          Lair |   5823 |   5615 |    208 |    195 |   4361 |   5 | 1164.6 |
  Orcish Mines |   2427 |   2226 |    201 |    254 |   1342 |   2 | 1213.5 |
   Elven Halls |   1567 |   1567 |      0 |     15 |   1194 |   1 | 1567.0 |
         Abyss |    378 |    378 |      0 |     47 |    139 |   2 |  189.0 |
         Sewer |    204 |    204 |      0 |      0 |    128 |   1 |  204.0 |
        Bailey |    742 |    742 |      0 |    128 |    397 |   1 |  742.0 |
         Arena |     30 |     30 |      0 |      0 |      0 |   2 |   15.0 |
               +--------+--------+--------+--------+--------+-----+--------+

Top non-repeatable levels by time:
   Elf:1: 1567 daAuts
   Orc:2: 1429 daAuts
  Lair:3: 1408 daAuts
  Lair:2: 1323 daAuts
    D:11: 1289 daAuts
  Lair:5: 1235 daAuts
  Lair:1: 1027 daAuts
   Orc:1: 997 daAuts
     D:5: 980 daAuts
     D:3: 979 daAuts
    D:10: 961 daAuts
    D:14: 949 daAuts
    D:13: 873 daAuts
     D:1: 868 daAuts
  Lair:4: 828 daAuts
